| TOP OF THE 1ST |
|
Great Lakes Loons batting - Pitching for Atlanta (MID) Braves : RHP Jesus Cumba
|
|
Pitching: RHP Jesus Cumba
|
|
|
Batting: RHB Ken Jenkins
|
0-0: Called Strike 0-1: Called Strike 0-2: Ball 1-2: Foul Ball, location: 2F 1-2: Ground out 1-3 (Groundball, P, EV 73.8 MPH)
|
|
Batting: RHB Alex Mejia
|
0-0: Swinging Strike 0-1: Called Strike 0-2: Ball 1-2: SINGLE (Groundball, 6MS, EV 68.8 MPH) (infield hit)
|
|
Pinch Runner at 1st Chris Barrera:
|
|
|
Batting: LHB Antonio Luis
|
0-0: Foul Ball, location: 2F 0-1: Foul Ball, location: 2F 0-2: Ball 1-2: SINGLE (Groundball, 34D, EV 100.0 MPH) Chris Barrera to second Runner from 2nd tries for 3rd, SAFE, throw by RF made to third
|
|
Batting: RHB Mike Sims
|
0-0: Ball 1-0: Swinging Strike 1-1: 3-RUN HOME RUN (Flyball, 7D, EV 98.1 MPH), Distance : 381 ft
|
|
Batting: LHB Jim Chalk
|
0-0: Ball 1-0: Called Strike 1-1: SINGLE (Groundball, 6MD, EV 103.1 MPH)
|
|
Batting: LHB Alberto Chavez
|
0-0: Ball 1-0: Swinging Strike 1-1: Ball 2-1: SINGLE (Groundball, 4D, EV 98.1 MPH) Jim Chalk to second
|
|
Batting: RHB Phil Knox
|
0-0: Grounds into double play, 6-4-3 (Groundball, 56, EV 105.6 MPH)
|
| Top of the 1st over - 3 runs, 5 hits, 0 errors, 1 left on base; Great Lakes 3 - Atlanta (MID) 0 |
| BOTTOM OF THE 1ST |
|
Atlanta (MID) Braves batting - Pitching for Great Lakes Loons : RHP Jeremy Stock
|
|
Pitching: RHP Jeremy Stock
|
|
|
Now in RF: Chris Barrera
|
|
|
Batting: LHB Kevin Kantor
|
0-0: Ball 1-0: Ball 2-0: Called Strike 2-1: Fly out, F4 (Popup, 4, EV 33.1 MPH)
|
|
Batting: SHB Brandon McClain
|
0-0: Ball 1-0: Swinging Strike 1-1: Ball 2-1: Called Strike 2-2: Ground out 5-3 (Groundball, 56, EV 80.6 MPH)
|
|
Batting: RHB Xavier Davis
|
0-0: TRIPLE (Line Drive, 89XD, EV 100.0 MPH)
|
|
Batting: LHB Travis Lazaro
|
0-0: Ball 1-0: Ball 2-0: Ball 3-0: Ground out 6-3 (Groundball, 4MS, EV 80.6 MPH)
|
| Bottom of the 1st over - 0 runs, 1 hit, 0 errors, 1 left on base; Great Lakes 3 - Atlanta (MID) 0 |
| TOP OF THE 2ND |
|
Great Lakes Loons batting - Pitching for Atlanta (MID) Braves : RHP Jesus Cumba
|
|
Batting: RHB Josh Kimbrell
|
0-0: Ball 1-0: Ball 2-0: Ground out 6-3 (Groundball, 56D, EV 100.6 MPH)
|
|
Batting: RHB Santos Guadalupe
|
0-0: Called Strike 0-1: Ground out U3 (Groundball, 34S, EV 91.9 MPH)
|
|
Batting: RHB Ken Jenkins
|
0-0: SINGLE (Line Drive, 8LS, EV 96.9 MPH)
|
|
Batting: LHB Chris Barrera
|
0-0: Called Strike 0-1: Ball 1-1: Ball 2-1: Ball 3-1: Ground out 4-3 (Groundball, 4, EV 91.9 MPH)
|
| Top of the 2nd over - 0 runs, 1 hit, 0 errors, 1 left on base; Great Lakes 3 - Atlanta (MID) 0 |
| BOTTOM OF THE 2ND |
|
Atlanta (MID) Braves batting - Pitching for Great Lakes Loons : RHP Jeremy Stock
|
|
Batting: RHB Corey Dalton
|
0-0: Ball 1-0: Swinging Strike 1-1: Swinging Strike 1-2: Ground out 6-3 (Groundball, 6, EV 83.1 MPH)
|
|
Batting: LHB Mark Thomas
|
0-0: Called Strike 0-1: Fly out, F8 (Flyball, 8RM, EV 87.5 MPH)
|
|
Batting: RHB Mike Shook
|
0-0: Called Strike 0-1: Ball 1-1: Fly out, F7 (Line Drive, 7, EV 96.9 MPH)
|
| Bottom of the 2nd over - 0 runs, 0 hits, 0 errors, 0 left on base; Great Lakes 3 - Atlanta (MID) 0 |
| TOP OF THE 3RD |
|
Great Lakes Loons batting - Pitching for Atlanta (MID) Braves : RHP Jesus Cumba
|
|
Batting: LHB Antonio Luis
|
0-0: Reached on error, E4 (Groundball, 34, EV 86.3 MPH)
|
|
Batting: RHB Mike Sims
|
0-0: Foul Ball, location: 2F 0-1: Ball 1-1: Ball 2-1: Grounds into double play, 5-4-3 (Groundball, 56, EV 85.0 MPH)
|
|
Batting: LHB Jim Chalk
|
0-0: Called Strike 0-1: Swinging Strike 0-2: Ball 1-2: Strikes out swinging
|
| Top of the 3rd over - 0 runs, 0 hits, 1 error, 0 left on base; Great Lakes 3 - Atlanta (MID) 0 |
| BOTTOM OF THE 3RD |
|
Atlanta (MID) Braves batting - Pitching for Great Lakes Loons : RHP Jeremy Stock
|
|
Batting: RHB Andy Cunningham
|
0-0: Ball 1-0: Swinging Strike 1-1: Ball 2-1: Called Strike 2-2: Strikes out swinging
|
|
Batting: RHB Nick Platt
|
0-0: Called Strike 0-1: Swinging Strike 0-2: Ball 1-2: Ground out 6-3 (Groundball, 6, EV 85.6 MPH)
|
|
Batting: LHB Kevin Kantor
|
0-0: Ball 1-0: Ball 2-0: Ball 3-0: Base on Balls
|
|
Batting: SHB Brandon McClain
|
0-0: Ball 1-0: Called Strike Kevin Kantor steals 2nd base 1-1: Foul Ball, location: 2F 1-2: Ground out 5-3 (Groundball, 5, EV 87.5 MPH)
|
| Bottom of the 3rd over - 0 runs, 0 hits, 0 errors, 1 left on base; Great Lakes 3 - Atlanta (MID) 0 |
| TOP OF THE 4TH |
|
Great Lakes Loons batting - Pitching for Atlanta (MID) Braves : RHP Jesus Cumba
|
|
Batting: LHB Alberto Chavez
|
0-0: Ground out 4-3 (Groundball, 4D, EV 105.6 MPH)
|
|
Batting: RHB Phil Knox
|
0-0: Called Strike 0-1: Foul Ball, location: 2F 0-2: Foul Ball, location: 2F 0-2: Ball 1-2: SOLO HOME RUN (Flyball, 7LD, EV 93.1 MPH), Distance : 347 ft
|
|
Batting: RHB Josh Kimbrell
|
0-0: Called Strike 0-1: Ball 1-1: Called Strike 1-2: Ball 2-2: Foul Ball, location: 2F 2-2: Foul Ball, location: 2F 2-2: Ball 3-2: Strikes out looking
|
|
Batting: RHB Santos Guadalupe
|
0-0: Swinging Strike 0-1: Foul Ball, location: 2F 0-2: Ball 1-2: Ball 2-2: Ball 3-2: Ground out 6-3 (Groundball, 6S, EV 68.1 MPH)
|
| Top of the 4th over - 1 run, 1 hit, 0 errors, 0 left on base; Great Lakes 4 - Atlanta (MID) 0 |
| BOTTOM OF THE 4TH |
|
Atlanta (MID) Braves batting - Pitching for Great Lakes Loons : RHP Jeremy Stock
|
|
Batting: RHB Xavier Davis
|
0-0: Foul Ball, location: 2F 0-1: Ball 1-1: Ball 2-1: Ball 3-1: Base on Balls
|
|
Batting: LHB Travis Lazaro
|
0-0: Ball 1-0: Ball 2-0: Called Strike 2-1: Swinging Strike 2-2: Ball 3-2: Base on Balls Xavier Davis to second
|
|
Batting: RHB Corey Dalton
|
0-0: Called Strike 0-1: Swinging Strike 0-2: Ball 1-2: SINGLE (Flyball, 34D, EV 93.8 MPH) Xavier Davis to third Travis Lazaro to second
|
|
Pitching: LHP Bill Esten
|
|
|
Batting: LHB Mark Thomas
|
0-0: Called Strike 0-1: Foul Ball, location: 2F 0-2: Foul Ball, location: 2F 0-2: Strikes out swinging
|
|
Batting: RHB Mike Shook
|
0-0: Called Strike 0-1: Ball 1-1: Swinging Strike 1-2: Strikes out swinging
|
|
Batting: RHB Andy Cunningham
|
0-0: Called Strike 0-1: Ground out 4-3 (Groundball, 4, EV 78.8 MPH)
|
| Bottom of the 4th over - 0 runs, 1 hit, 0 errors, 3 left on base; Great Lakes 4 - Atlanta (MID) 0 |
| TOP OF THE 5TH |
|
Great Lakes Loons batting - Pitching for Atlanta (MID) Braves : RHP Jesus Cumba
|
|
Batting: RHB Ken Jenkins
|
0-0: Fly out, F5 (Popup, 56S, EV 82.5 MPH)
|
|
Batting: LHB Chris Barrera
|
0-0: DOUBLE (Flyball, 89XD, EV 104.4 MPH)
|
|
Batting: LHB Antonio Luis
|
0-0: Ball 1-0: 2-RUN HOME RUN (Flyball, 89XD, EV 95.0 MPH), Distance : 380 ft
|
|
Pitching: RHP Tom Lessor
|
|
|
Batting: RHB Mike Sims
|
0-0: Called Strike 0-1: DOUBLE (Line Drive, 5D, EV 98.8 MPH)
|
|
Batting: LHB Jim Chalk
|
0-0: Ball 1-0: Ground out 4-3 (Groundball, 4, EV 81.9 MPH) Mike Sims to third
|
|
Batting: LHB Alberto Chavez
|
0-0: Ball 1-0: Foul Ball, location: 2F 1-1: Swinging Strike 1-2: Strikes out swinging
|
| Top of the 5th over - 2 runs, 3 hits, 0 errors, 1 left on base; Great Lakes 6 - Atlanta (MID) 0 |
| BOTTOM OF THE 5TH |
|
Atlanta (MID) Braves batting - Pitching for Great Lakes Loons : LHP Bill Esten
|
|
Batting: RHB Nick Platt
|
0-0: SOLO HOME RUN (Flyball, 89XD, EV 101.9 MPH), Distance : 403 ft
|
|
Batting: LHB Kevin Kantor
|
0-0: Ball 1-0: Foul Ball, location: 2F 1-1: Foul Ball, location: 2F 1-2: Ground out 3-1 (Groundball, 34, EV 84.4 MPH)
|
|
Batting: SHB Brandon McClain
|
0-0: Ball 1-0: Foul Ball, location: 2F 1-1: Ball 2-1: Fly out, F9 (Flyball, 9D, EV 106.3 MPH)
|
|
Batting: RHB Xavier Davis
|
0-0: Called Strike 0-1: Ball 1-1: Swinging Strike 1-2: Foul Ball, location: 2F 1-2: SOLO HOME RUN (Flyball, 78XD, EV 110.0 MPH), Distance : 410 ft
|
|
Batting: LHB Travis Lazaro
|
0-0: Ball 1-0: Called Strike 1-1: Foul Ball, location: 2F 1-2: Foul Ball, location: 2F 1-2: SINGLE (Groundball, 56D, EV 108.1 MPH)
|
|
Batting: RHB Corey Dalton
|
0-0: Ball 1-0: Foul Ball, location: 2F 1-1: SINGLE (Line Drive, 7S, EV 91.9 MPH) Travis Lazaro to second
|
|
Batting: LHB Mark Thomas
|
0-0: Ball 1-0: Called Strike 1-1: Foul Ball, location: 2F 1-2: Ground out 4-3 (Groundball, 34, EV 102.5 MPH)
|
| Bottom of the 5th over - 2 runs, 4 hits, 0 errors, 2 left on base; Great Lakes 6 - Atlanta (MID) 2 |
| TOP OF THE 6TH |
|
Great Lakes Loons batting - Pitching for Atlanta (MID) Braves : RHP Tom Lessor
|
|
Batting: RHB Phil Knox
|
0-0: SINGLE (Flyball, 78S, EV 94.4 MPH)
|
|
Batting: RHB Josh Kimbrell
|
0-0: Foul Ball, location: 2F 0-1: Ball 1-1: Ball 2-1: Foul Ball, location: 2F 2-2: Strikes out swinging
|
|
Batting: RHB Santos Guadalupe
|
0-0: Called Strike 0-1: Swinging Strike 0-2: Ball 1-2: Foul Ball, location: 2F 1-2: Ball 2-2: Fielders Choice at 2nd, 3-6 (Groundball, 34S, EV 85.6 MPH)
|
|
Batting: RHB Ken Jenkins
|
0-0: Ground out 5-3 (Groundball, 56S, EV 73.8 MPH)
|
| Top of the 6th over - 0 runs, 1 hit, 0 errors, 1 left on base; Great Lakes 6 - Atlanta (MID) 2 |
| BOTTOM OF THE 6TH |
|
Atlanta (MID) Braves batting - Pitching for Great Lakes Loons : LHP Bill Esten
|
|
Batting: RHB Mike Shook
|
0-0: Called Strike 0-1: Swinging Strike 0-2: Foul Ball, location: 2F 0-2: Foul Ball, location: 2F 0-2: Foul Ball, location: 2F 0-2: Ball 1-2: Fly out, F8 (Flyball, 8RD, EV 102.5 MPH)
|
|
Batting: RHB Andy Cunningham
|
0-0: Ground out 6-3 (Groundball, 6, EV 91.3 MPH)
|
|
Batting: RHB Nick Platt
|
0-0: Called Strike 0-1: Ball 1-1: Swinging Strike 1-2: Foul Ball, location: 2F 1-2: Foul Ball, location: 2F 1-2: Strikes out swinging
|
| Bottom of the 6th over - 0 runs, 0 hits, 0 errors, 0 left on base; Great Lakes 6 - Atlanta (MID) 2 |
| TOP OF THE 7TH |
|
Great Lakes Loons batting - Pitching for Atlanta (MID) Braves : RHP Tom Lessor
|
|
Batting: LHB Chris Barrera
|
0-0: Ball 1-0: Called Strike 1-1: Ball 2-1: Called Strike 2-2: Ball 3-2: Base on Balls
|
|
Batting: LHB Antonio Luis
|
0-0: Called Strike Chris Barrera steals 2nd base 0-1: Called Strike 0-2: Ball 1-2: Ball 2-2: Ball 3-2: Intentional Walk
|
|
Batting: RHB Mike Sims
|
0-0: Foul Ball, location: 2F 0-1: Swinging Strike 0-2: Foul Ball, location: 2F 0-2: Strikes out swinging
|
|
Batting: LHB Jim Chalk
|
0-0: Ball 1-0: Fly out, F5 (Popup, 25F, EV 84.4 MPH)
|
|
Batting: LHB Alberto Chavez
|
0-0: Called Strike 0-1: Ball 1-1: Swinging Strike 1-2: Ball 2-2: Strikes out swinging
|
| Top of the 7th over - 0 runs, 0 hits, 0 errors, 2 left on base; Great Lakes 6 - Atlanta (MID) 2 |
| BOTTOM OF THE 7TH |
|
Atlanta (MID) Braves batting - Pitching for Great Lakes Loons : LHP Bill Esten
|
|
Pitching: RHP Santiago Montero
|
|
|
Batting: LHB Kevin Kantor
|
0-0: Ball 1-0: Ball 2-0: Foul Ball, location: 2F 2-1: Foul Ball, location: 2F 2-2: Ball 3-2: Foul Ball, location: 2F 3-2: Foul Ball, location: 2F 3-2: Base on Balls
|
|
Batting: SHB Brandon McClain
|
0-0: Ball Kevin Kantor steals 2nd base 1-0: Ball 2-0: Called Strike 2-1: Ground out 4-3 (Groundball, 4, EV 107.5 MPH) Kevin Kantor to third
|
|
Batting: RHB Xavier Davis
|
0-0: Ball 1-0: Fly out, F8 (Flyball, 8LS, EV 93.1 MPH)
|
|
Batting: LHB Travis Lazaro
|
0-0: Ball 1-0: Fly out, F5 (Popup, 15, EV 85.6 MPH)
|
| Bottom of the 7th over - 0 runs, 0 hits, 0 errors, 1 left on base; Great Lakes 6 - Atlanta (MID) 2 |
| TOP OF THE 8TH |
|
Great Lakes Loons batting - Pitching for Atlanta (MID) Braves : RHP Tom Lessor
|
|
Pitching: RHP Jae-young Jhang
|
|
|
Batting: RHB Phil Knox
|
0-0: SINGLE (Groundball, 34D, EV 103.8 MPH)
|
|
Batting: RHB Josh Kimbrell
|
0-0: Swinging Strike 0-1: Fielders Choice at 2nd, 6-4 (Groundball, 56, EV 105.0 MPH)
|
|
Batting: RHB Santos Guadalupe
|
0-0: Fly out, F7 (Flyball, 78D, EV 100.0 MPH)
|
|
Batting: RHB Ken Jenkins
|
0-0: Called Strike 0-1: Fly out, F9 (Line Drive, 9, EV 84.4 MPH)
|
| Top of the 8th over - 0 runs, 1 hit, 0 errors, 1 left on base; Great Lakes 6 - Atlanta (MID) 2 |
| BOTTOM OF THE 8TH |
|
Atlanta (MID) Braves batting - Pitching for Great Lakes Loons : RHP Santiago Montero
|
|
Batting: RHB Corey Dalton
|
0-0: Ball 1-0: Ground out 5-3 (Groundball, 56S, EV 91.3 MPH)
|
|
Batting: LHB Mark Thomas
|
0-0: Ball 1-0: Ball 2-0: Swinging Strike 2-1: Ball 3-1: Foul Ball, location: 2F 3-2: Foul Ball, location: 2F 3-2: Foul Ball, location: 2F 3-2: Strikes out swinging
|
|
Batting: RHB Mike Shook
|
0-0: Swinging Strike 0-1: Ball 1-1: Ball 2-1: Called Strike 2-2: SINGLE (Groundball, 56D, EV 97.5 MPH)
|
|
Batting: RHB Andy Cunningham
|
0-0: Foul Ball, location: 2F 0-1: Foul Ball, location: 2F 0-2: Ball 1-2: Strikes out swinging
|
| Bottom of the 8th over - 0 runs, 1 hit, 0 errors, 1 left on base; Great Lakes 6 - Atlanta (MID) 2 |
| TOP OF THE 9TH |
|
Great Lakes Loons batting - Pitching for Atlanta (MID) Braves : RHP Jae-young Jhang
|
|
Batting: LHB Chris Barrera
|
0-0: Called Strike 0-1: Called Strike 0-2: Ground out 5-3 (Groundball, 56, EV 90.0 MPH)
|
|
Batting: LHB Antonio Luis
|
0-0: Called Strike 0-1: Fly out, F9 (Flyball, 9, EV 95.6 MPH)
|
|
Batting: RHB Mike Sims
|
0-0: Called Strike 0-1: Ball 1-1: Swinging Strike 1-2: Ball 2-2: Ball 3-2: Foul Ball, location: 2F 3-2: Base on Balls
|
|
Batting: LHB Jim Chalk
|
0-0: Ball 1-0: Foul Ball, location: 2F 1-1: Called Strike 1-2: Ball 2-2: Strikes out swinging
|
| Top of the 9th over - 0 runs, 0 hits, 0 errors, 1 left on base; Great Lakes 6 - Atlanta (MID) 2 |
| BOTTOM OF THE 9TH |
|
Atlanta (MID) Braves batting - Pitching for Great Lakes Loons : RHP Santiago Montero
|
|
Pitching: RHP George Credle
|
|
|
Batting: RHB Nick Platt
|
0-0: Ball 1-0: Ball 2-0: Ball 3-0: Base on Balls
|
|
Batting: LHB Kevin Kantor
|
0-0: Ball 1-0: Called Strike 1-1: Ball 2-1: SINGLE (Line Drive, 56, EV 110.6 MPH) Nick Platt to second
|
|
Batting: SHB Brandon McClain
|
0-0: Ball 1-0: Ball 2-0: Called Strike 2-1: Foul Ball, location: 2F 2-2: Foul Ball, location: 2F 2-2: Foul Ball, location: 2F 2-2: Ball 3-2: Strikes out swinging
|
|
Batting: RHB Xavier Davis
|
0-0: Ball 1-0: Called Strike 1-1: Ground out 5-3 (Groundball, 5S, EV 60.6 MPH) Nick Platt to third Kevin Kantor to second
|
|
Batting: LHB Travis Lazaro
|
0-0: Called Strike 0-1: Foul Ball, location: 2F 0-2: Ground out U3 (Groundball, 3, EV 105.0 MPH)
|
| Bottom of the 9th over - 0 runs, 1 hit, 0 errors, 2 left on base; Great Lakes 6 - Atlanta (MID) 2 |
|